TOP OF THE 1ST |
New Jersey Devils batting - Pitching for York Revolution : LHP Cesar Andrade
|
Pitching: LHP Cesar Andrade
|
|
Batting: LHB Randolph Brodbeck
|
0-0: Swinging Strike 0-1: Ball 1-1: Swinging Strike 1-2: Ball 2-2: Ball 3-2: Base on Balls
|
Batting: RHB Eric Zylstra
|
0-0: Called Strike 0-1: Ball 1-1: Foul Ball, location: 2F 1-2: Foul Ball, location: 2F 1-2: Ball 2-2: Grounds into double play, 5-4-3 (Groundball, 5, EV 109.4 MPH)
|
Batting: RHB Chris Artz
|
0-0: Called Strike 0-1: Ball 1-1: Foul Ball, location: 2F 1-2: SINGLE (Line Drive, 9S, EV 110.6 MPH)
|
Batting: RHB Craig Alvarado
|
0-0: Called Strike 0-1: Foul Ball, location: 2F 0-2: Ball 1-2: Ball 2-2: Ball 3-2: Base on Balls Chris Artz to second
|
Batting: RHB Sergio Andrada
|
0-0: Foul Ball, location: 2F 0-1: Swinging Strike 0-2: Ball 1-2: Ball 2-2: Strikes out swinging
|
Top of the 1st over - 0 runs, 1 hit, 0 errors, 2 left on base; New Jersey 0 - York 0 |
BOTTOM OF THE 1ST |
York Revolution batting - Pitching for New Jersey Devils : LHP Pedro Botello
|
Pitching: LHP Pedro Botello
|
|
Batting: RHB Tony Perez
|
0-0: Ground out 5-3 (Groundball, 56S, EV 68.1 MPH)
|
Batting: RHB Chris Myers
|
0-0: Called Strike 0-1: Ball 1-1: Foul Ball, location: 2F 1-2: Foul Ball, location: 2F 1-2: Ground out 4-3 (Groundball, 4, EV 81.2 MPH)
|
Batting: RHB Trent Hedrick
|
0-0: Called Strike 0-1: Called Strike 0-2: Foul Ball, location: 2F 0-2: Foul Ball, location: 2F 0-2: Strikes out swinging
|
Bottom of the 1st over - 0 runs, 0 hits, 0 errors, 0 left on base; New Jersey 0 - York 0 |
TOP OF THE 2ND |
New Jersey Devils batting - Pitching for York Revolution : LHP Cesar Andrade
|
Batting: LHB Lupe Garcia
|
0-0: Swinging Strike 0-1: Foul Ball, location: 2F 0-2: Ball 1-2: Strikes out swinging
|
Batting: SHB Ernesto Mazas
|
0-0: Swinging Strike 0-1: Reached on error, E2 (Groundball, 2L, EV 75.6 MPH)
|
Batting: RHB Oscar Ramirez
|
0-0: Ball Ernesto Mazas steals 2nd base 1-0: Fly out, F9 (Flyball, 89M, EV 93.1 MPH)
|
Batting: LHB Joel Sandoval
|
0-0: Called Strike 0-1: Ball 1-1: Called Strike 1-2: Foul Ball, location: 2F 1-2: Ball 2-2: Ball 3-2: Strikes out looking
|
Top of the 2nd over - 0 runs, 0 hits, 1 error, 1 left on base; New Jersey 0 - York 0 |
BOTTOM OF THE 2ND |
York Revolution batting - Pitching for New Jersey Devils : LHP Pedro Botello
|
Batting: SHB Steve DeRienzo
|
0-0: Ball 1-0: Swinging Strike 1-1: Swinging Strike 1-2: Ball 2-2: Foul Ball, location: 2F 2-2: Foul Ball, location: 2F 2-2: Foul Ball, location: 2F 2-2: Fly out, F8 (Line Drive, 8LM, EV 92.5 MPH)
|
Batting: RHB Simon Mergeni
|
0-0: Foul Ball, location: 2F 0-1: Ball 1-1: Ball 2-1: Fly out, F3 (Popup, 34, EV 62.5 MPH)
|
Batting: RHB Juan Valadez
|
0-0: Foul Ball, location: 2F 0-1: Ball 1-1: Ball 2-1: Foul Ball, location: 2F 2-2: Ball 3-2: Foul Ball, location: 2F 3-2: Base on Balls
|
Batting: RHB Ivan Barrientos
|
0-0: Foul Ball, location: 2F 0-1: Called Strike 0-2: Strikes out swinging
|
Bottom of the 2nd over - 0 runs, 0 hits, 0 errors, 1 left on base; New Jersey 0 - York 0 |
TOP OF THE 3RD |
New Jersey Devils batting - Pitching for York Revolution : LHP Cesar Andrade
|
Batting: LHB Randolph Brodbeck
|
0-0: Ball 1-0: Called Strike 1-1: Ground out 4-3 (Groundball, 4, EV 79.4 MPH)
|
Batting: RHB Eric Zylstra
|
0-0: Fly out, F8 (Flyball, 8RD, EV 89.4 MPH)
|
Batting: RHB Chris Artz
|
0-0: Ball 1-0: Foul Ball, location: 2F 1-1: Foul Ball, location: 2F 1-2: Ground out 5-3 (Groundball, 56, EV 83.8 MPH)
|
Top of the 3rd over - 0 runs, 0 hits, 0 errors, 0 left on base; New Jersey 0 - York 0 |
BOTTOM OF THE 3RD |
York Revolution batting - Pitching for New Jersey Devils : LHP Pedro Botello
|
Batting: RHB Eddie Serna
|
0-0: Ball 1-0: Foul Ball, location: 2F 1-1: Ball 2-1: Ball 3-1: SINGLE (Line Drive, 34D, EV 93.8 MPH)
|
Batting: RHB Alexis Graciani
|
0-0: Ball 1-0: Ball Wild Pitch! Eddie Serna to second 2-0: Ground out U3 (Groundball, 34, EV 105.0 MPH) Eddie Serna to third
|
Batting: RHB Tony Perez
|
0-0: Swinging Strike 0-1: Ball 1-1: Ball 2-1: Called Strike 2-2: Foul Ball, location: 2F 2-2: Foul Ball, location: 2F 2-2: Ball 3-2: Fly out, F7 (Flyball, 78S, EV 90.0 MPH)
|
Batting: RHB Chris Myers
|
0-0: Ball 1-0: Foul Ball, location: 2F 1-1: SINGLE (Groundball, 6MD, EV 98.8 MPH) Eddie Serna scores
|
Batting: RHB Trent Hedrick
|
0-0: SINGLE (Groundball, 34D, EV 102.5 MPH) Chris Myers to second Runner from 2nd tries for 3rd, SAFE, throw by RF made to third Trent Hedrick to second
|
Batting: SHB Steve DeRienzo
|
0-0: Ball 1-0: Ball 2-0: TRIPLE (Flyball, 9LD, EV 110.0 MPH) Chris Myers scores Trent Hedrick scores
|
Batting: RHB Simon Mergeni
|
0-0: Ball 1-0: Called Strike 1-1: Ball 2-1: Ball 3-1: Base on Balls
|
Batting: RHB Juan Valadez
|
0-0: Foul Ball, location: 2F 0-1: Ball 1-1: Fly out, F4 (Flyball, 34D, EV 94.4 MPH)
|
Bottom of the 3rd over - 3 runs, 4 hits, 0 errors, 2 left on base; New Jersey 0 - York 3 |
TOP OF THE 4TH |
New Jersey Devils batting - Pitching for York Revolution : LHP Cesar Andrade
|
Batting: RHB Craig Alvarado
|
0-0: Foul Ball, location: 2F 0-1: Called Strike 0-2: Ball 1-2: Ball 2-2: Ball 3-2: Strikes out swinging
|
Batting: RHB Sergio Andrada
|
0-0: Ball 1-0: Called Strike 1-1: Ball 2-1: Ball 3-1: Base on Balls
|
Batting: LHB Lupe Garcia
|
0-0: Ball 1-0: Swinging Strike 1-1: Called Strike 1-2: Strikes out swinging
|
Batting: SHB Ernesto Mazas
|
0-0: Ball Sergio Andrada steals 2nd base 1-0: Called Strike 1-1: Foul Ball, location: 2F 1-2: Ball 2-2: Foul Ball, location: 2F 2-2: Foul Ball, location: 2F 2-2: SINGLE (Groundball, 56D, EV 96.9 MPH) Sergio Andrada to third Runner from 3rd tries for Home, SAFE, throw by LF to home
|
Batting: RHB Oscar Ramirez
|
0-0: Called Strike Ernesto Mazas steals 2nd base (no throw) 0-1: Ball 1-1: Called Strike 1-2: Fly out, F8 (Flyball, 8LS, EV 95.0 MPH)
|
Top of the 4th over - 1 run, 1 hit, 0 errors, 1 left on base; New Jersey 1 - York 3 |
BOTTOM OF THE 4TH |
York Revolution batting - Pitching for New Jersey Devils : LHP Pedro Botello
|
Batting: RHB Ivan Barrientos
|
0-0: Ball 1-0: Called Strike 1-1: Called Strike 1-2: Ball 2-2: Strikes out looking
|
Batting: RHB Eddie Serna
|
0-0: Called Strike 0-1: Ball 1-1: Foul Ball, location: 2F 1-2: Foul Ball, location: 2F 1-2: Fly out, F7 (Flyball, 78D, EV 94.4 MPH)
|
Batting: RHB Alexis Graciani
|
0-0: Foul Ball, location: 2F 0-1: Ball 1-1: Ball 2-1: Swinging Strike 2-2: Ball 3-2: Foul Ball, location: 2F 3-2: Strikes out swinging
|
Bottom of the 4th over - 0 runs, 0 hits, 0 errors, 0 left on base; New Jersey 1 - York 3 |
TOP OF THE 5TH |
New Jersey Devils batting - Pitching for York Revolution : LHP Cesar Andrade
|
Batting: LHB Joel Sandoval
|
0-0: Ball 1-0: Ball 2-0: Ball 3-0: Base on Balls
|
Pitching: RHP Josh Howell
|
|
Batting: LHB Randolph Brodbeck
|
0-0: Swinging Strike 0-1: Grounds into double play, 4-6-3 (Groundball, 4, EV 88.8 MPH)
|
Batting: RHB Eric Zylstra
|
0-0: SINGLE (Flyball, 9S, EV 94.4 MPH)
|
Batting: RHB Chris Artz
|
0-0: Called Strike Eric Zylstra is caught stealing 2nd base 2-4
|
Top of the 5th over - 0 runs, 1 hit, 0 errors, 0 left on base; New Jersey 1 - York 3 |
BOTTOM OF THE 5TH |
York Revolution batting - Pitching for New Jersey Devils : LHP Pedro Botello
|
Batting: RHB Tony Perez
|
0-0: Ball 1-0: Called Strike 1-1: Ball 2-1: Fly out, F3 (Popup, 34S, EV 68.8 MPH)
|
Batting: RHB Chris Myers
|
0-0: Ball 1-0: Foul Ball, location: 2F 1-1: Reached on error, E7 (Flyball, 7LS, EV 93.1 MPH)
|
Pitching: LHP Bryce Anderson
|
|
Batting: RHB Trent Hedrick
|
0-0: Ball 1-0: Ball Chris Myers steals 2nd base (no throw) 2-0: Ball 3-0: Base on Balls
|
Batting: SHB Steve DeRienzo
|
0-0: Swinging Strike 0-1: Called Strike 0-2: Ball 1-2: Ball 2-2: Foul Ball, location: 2F 2-2: Foul Ball, location: 2F 2-2: DOUBLE (Line Drive, 89D, EV 110.6 MPH) Chris Myers scores Trent Hedrick to third
|
Batting: RHB Simon Mergeni
|
0-0: Called Strike 0-1: Called Strike 0-2: Ball 1-2: Ball 2-2: Strikes out looking
|
Batting: RHB Juan Valadez
|
0-0: Foul Ball, location: 2F 0-1: Swinging Strike 0-2: Ball 1-2: Foul Ball, location: 2F 1-2: Ball 2-2: Strikes out swinging
|
Bottom of the 5th over - 1 run, 1 hit, 1 error, 2 left on base; New Jersey 1 - York 4 |
TOP OF THE 6TH |
New Jersey Devils batting - Pitching for York Revolution : RHP Josh Howell
|
Batting: RHB Chris Artz
|
0-0: Fly out, F8 (Flyball, 8LXD, EV 106.2 MPH)
|
Batting: RHB Craig Alvarado
|
0-0: Ball 1-0: Ball 2-0: Ball 3-0: Base on Balls
|
Batting: RHB Sergio Andrada
|
0-0: Called Strike 0-1: Called Strike 0-2: Foul Ball, location: 2F 0-2: Strikes out looking Craig Alvarado is caught stealing 2nd base 2-4 Batter strikes out.
|
Top of the 6th over - 0 runs, 0 hits, 0 errors, 0 left on base; New Jersey 1 - York 4 |
BOTTOM OF THE 6TH |
York Revolution batting - Pitching for New Jersey Devils : LHP Bryce Anderson
|
Batting: RHB Ivan Barrientos
|
0-0: Ball 1-0: Fly out, F8 (Line Drive, 8RD, EV 93.1 MPH)
|
Batting: RHB Eddie Serna
|
0-0: Called Strike 0-1: Foul Ball, location: 2F 0-2: Ball 1-2: SOLO HOME RUN (Line Drive, 7LD, EV 95.6 MPH), Distance : 352 ft
|
Batting: RHB Alexis Graciani
|
0-0: Ball 1-0: Foul Ball, location: 2F 1-1: SINGLE (Groundball, 34D, EV 100.6 MPH)
|
Batting: RHB Tony Perez
|
0-0: Ball 1-0: Fly out, F8 (Flyball, 8RS, EV 87.5 MPH)
|
Batting: RHB Chris Myers
|
0-0: Ball 1-0: Ball 2-0: Foul Ball, location: 2F 2-1: Fielders Choice at 2nd, 6-4 (Groundball, 56, EV 81.9 MPH)
|
Bottom of the 6th over - 1 run, 2 hits, 0 errors, 1 left on base; New Jersey 1 - York 5 |
TOP OF THE 7TH |
New Jersey Devils batting - Pitching for York Revolution : RHP Josh Howell
|
Batting: LHB Lupe Garcia
|
0-0: Swinging Strike 0-1: Ball 1-1: Ball 2-1: Ground out 5-3 (Groundball, 5, EV 81.2 MPH)
|
Batting: SHB Ernesto Mazas
|
0-0: Foul Ball, location: 2F 0-1: Foul Ball, location: 2F 0-2: Strikes out swinging
|
Batting: RHB Oscar Ramirez
|
0-0: Swinging Strike 0-1: Ball 1-1: Ground out 6-3 (Groundball, 6, EV 81.2 MPH)
|
Top of the 7th over - 0 runs, 0 hits, 0 errors, 0 left on base; New Jersey 1 - York 5 |
BOTTOM OF THE 7TH |
York Revolution batting - Pitching for New Jersey Devils : LHP Bryce Anderson
|
Batting: RHB Trent Hedrick
|
0-0: Foul Ball, location: 2F 0-1: Swinging Strike 0-2: Ball 1-2: Ground out 4-3 (Groundball, 4, EV 90.6 MPH)
|
Batting: SHB Steve DeRienzo
|
0-0: Called Strike 0-1: Ball 1-1: Ball 2-1: Ball 3-1: Called Strike 3-2: Foul Ball, location: 2F 3-2: Foul Ball, location: 2F 3-2: Base on Balls
|
Pitching: RHP Kenbede Sellimi
|
|
Batting: RHB Simon Mergeni
|
0-0: Ball Steve DeRienzo is caught stealing 2nd base 2-4 1-0: Called Strike 1-1: Ball 2-1: Foul Ball, location: 2F 2-2: Ball 3-2: Ground out 5-3 (Groundball, 5, EV 84.4 MPH)
|
Bottom of the 7th over - 0 runs, 0 hits, 0 errors, 0 left on base; New Jersey 1 - York 5 |
TOP OF THE 8TH |
New Jersey Devils batting - Pitching for York Revolution : RHP Josh Howell
|
Batting: LHB Joel Sandoval
|
0-0: Ball 1-0: Swinging Strike 1-1: Hit by Pitch
|
Batting: LHB Randolph Brodbeck
|
0-0: Ball 1-0: Foul Ball, location: 2F 1-1: Hit by Pitch Joel Sandoval to second
|
Pinch Hitting: SHB Tyler Maddux
|
0-0: Foul Ball, location: 2F 0-1: Ball 1-1: Ball 2-1: SINGLE (Groundball, 6S, EV 71.2 MPH) (infield hit) Joel Sandoval to third Randolph Brodbeck to second
|
Batting: RHB Chris Artz
|
0-0: Fly out, F4 (Popup, 4M, EV 70.6 MPH)
|
Pinch Hitting: SHB Alex Cavazos
|
0-0: Called Strike 0-1: Ball 1-1: Fielders Choice at 2nd, 3-6 (Groundball, 34S, EV 89.4 MPH) Joel Sandoval scores Randolph Brodbeck to third
|
Pinch Hitting: RHB Bill Crogan
|
0-0: Ball 1-0: Foul Ball, location: 2F 1-1: Ball 2-1: Swinging Strike 2-2: Foul Ball, location: 2F 2-2: Fly out, F3 (Popup, 3SF, EV 71.2 MPH)
|
Top of the 8th over - 1 run, 1 hit, 0 errors, 2 left on base; New Jersey 2 - York 5 |
BOTTOM OF THE 8TH |
York Revolution batting - Pitching for New Jersey Devils : RHP Kenbede Sellimi
|
Now at 2B: Oscar Ramirez
|
|
Now at 3B: Tyler Maddux
|
|
Now at SS: Chris Graham
|
|
Now in RF: Bill Crogan
|
|
Batting: RHB Juan Valadez
|
0-0: Ball 1-0: Called Strike 1-1: Ball 2-1: Ground out 5-3 (Groundball, 5, EV 110.0 MPH)
|
Batting: RHB Ivan Barrientos
|
0-0: Called Strike 0-1: Fly out, F7 (Line Drive, 7S, EV 88.8 MPH)
|
Batting: RHB Eddie Serna
|
0-0: Called Strike 0-1: Ball 1-1: Swinging Strike 1-2: Strikes out looking
|
Bottom of the 8th over - 0 runs, 0 hits, 0 errors, 0 left on base; New Jersey 2 - York 5 |
TOP OF THE 9TH |
New Jersey Devils batting - Pitching for York Revolution : RHP Josh Howell
|
Pitching: RHP Bobby Acevedo
|
|
Pinch Hitting: RHB Jim Freels
|
0-0: Ball 1-0: Fly out, F9 (Flyball, 9D, EV 96.9 MPH)
|
Pinch Hitting: RHB John Carpenter
|
0-0: Swinging Strike 0-1: Ball 1-1: Foul Ball, location: 2F 1-2: Fly out, F9 (Flyball, 89M, EV 94.4 MPH)
|
Pinch Hitting: RHB Brian Bonin
|
0-0: Foul Ball, location: 2F 0-1: Foul Ball, location: 2F 0-2: Ground out 6-3 (Groundball, 6, EV 80.6 MPH)
|
Top of the 9th over - 0 runs, 0 hits, 0 errors, 0 left on base; New Jersey 2 - York 5 |
|